AoeStats
← 新彩之神_龜甲萬

Arabia

516886759Analyzed
1v1 RM · 23h ago on Oct 28, 2026· 39m 38s· 2 players
Game mode
Random Map
Map size
Tiny (2 player)
Population
200
Speed
Normal
Resources
Standard
Victory
Conquest
Starting age
Dark Age
Ending age
Imperial Age
RankedLock teamsTeams togetherTeam positionsShared explorationLock speedFull tech treeHidden civsTurbo modeCheats
Victory
Defeat
🇹🇼 Persians · Taiwan
1007
+16
vs
🇺🇸 Goths · United States
1013
-16
新彩之神_龜甲萬
7:20 Loom
11:17 Feudal Age
16:58 Castle Age
15:46 Double-Bit Axe
15:42 Horse Collar
16:21 Gold Mining
19:22 Bow Saw
25:38 Wheelbarrow
26:32 Scale Barding Armor
27:31 Crossbowman
28:48 Fletching
29:01 Padded Archer Armor
31:51 Bodkin Arrow
39:41 Imperial Age
bonemaster69
4:52 Loom
10:54 Feudal Age
12:47 Double-Bit Axe
13:06 Horse Collar
19:02 Castle Age
17:34 Man-at-Arms
19:03 Scale Mail Armor
19:15 Long Swordsman
20:02 Squires
20:48 Pikeman
23:01 Forging
28:48 Fletching
29:46 Chain Mail Armor
31:13 Bodkin Arrow
Connection lost

Rejoining the realm…

Still unreachable

The connection could not be restored.

Session expired

The server has moved on; the page needs a fresh start.